Map: Catalyst LE

Players

EdZero - Winner!

  • Race: Zerg Zerg
  • League: Diamond
  • Spawn Location: 5:00

SMZ

  • Race: Terran Terran
  • League: Diamond
  • Spawn Location: 11:00

VOD

Have the link to the VOD?

Description

Time

  • Played on: Dec. 7, 2017, 4:57 p.m.
  • Length: 21:33
Show
View Real Time Build Order
Export as new Build Order

EdZero Zerg - Winner!

Build Orders: Hatch First, Muta Ling Bane 

Get SALT Encoding   

  12  0:01  Drone  
  13  0:13  Overlord  
  13  0:17  Drone  
  14  0:31  Drone x2  
  14  0:35  Drone  
  17  0:37  Extractor  
  16  0:45  Drone  
  17  1:00  Hatchery  
  17  1:03  Drone  
  17  1:07  Drone  
  18  1:18  Drone  
  19  1:27  Spawning Pool  
  19  1:28  Drone  
  19  1:39  Overlord  
  19  1:50  Overlord  
  19  2:00  Drone  
  20  2:16  Metabolic Boost  
  20  2:21  Queen  
  20  2:22  Queen  
  22  2:25  Drone x2  
  22  2:28  Zergling x2  
  27  2:31  Zergling x2  
  28  2:39  Zergling x2  
  28  2:41  Drone  
  28  2:43  Drone  
  31  2:45  Drone  
  32  2:54  Drone  
  32  2:55  Drone  
  32  2:57  Extractor  
  33  2:59  Lair  
  33  3:17  Drone x4  
  36  3:28  Drone  
  36  3:29  Drone  
  38  3:38  Zergling x4  
  38  3:39  Drone x4  
  44  3:43  Overlord  
  44  3:46  Extractor  
  44  3:47  Queen  
  44  3:48  Extractor  
  44  4:00  Overlord  
  44  4:12  Drone  
  44  4:13  Drone x7  
  50  4:21  Zergling x4  
  52  4:30  Spore Crawler  
  51  4:34  Spire  
  50  4:41  Spine Crawler  
  47  4:53  Drone x5  
  47  4:54  Drone x2  
  54  5:00  Drone x2  
  54  5:01  Hatchery, Drone  
  56  5:12  Drone  
  57  5:17  Zergling x4  
  59  5:27  Hatchery  
  58  5:30  Queen  
  58  5:33  Overlord x2  
  60  5:42  Overlord x2  
  60  5:43  Overlord  
  60  5:47  Zerg Flyer Weapons Level 1  
  60  5:50  Queen  
  60  5:56  Baneling Nest, Mutalisk  
  60  5:57  Mutalisk x2  
  67  6:09  Mutalisk x4  
  75  6:20  Mutalisk x3  
  75  6:21  Mutalisk  
  83  6:39  Mutalisk  
  77  6:40  Mutalisk x3  
  74  6:55  Mutalisk  
  74  6:58  Drone  
  74  6:59  Drone x5  
  82  7:02  Mutalisk  
  84  7:08  Overlord  
  84  7:09  Overlord x2  
  84  7:10  Drone x2  
  84  7:11  Drone x3  
  87  7:30  Mutalisk x2  
  91  7:45  Drone x4  
  91  7:46  Drone x2  
  95  7:58  Mutalisk x2  
  95  8:00  Zergling x20  
  109  8:19  Zergling x2  
  108  8:20  Zergling x6  
  103  8:27  Mutalisk x2  
  103  8:28  Mutalisk  
  103  8:32  Drone x2  
  103  8:33  Drone x2  
  107  8:47  Drone  
  107  8:48  Drone x4  
  112  8:53  Infestation Pit  
  111  8:56  Roach Warren  
  111  8:57  Hydralisk Den  
  109  9:05  Baneling  
  109  9:06  Baneling x5  
  109  9:17  Extractor  
  109  9:19  Extractor  
  109  9:20  Spore Crawler  
  109  9:21  Spine Crawler x2  
  109  9:23  Spine Crawler  
  103  9:24  Spine Crawler  
  103  9:25  Spore Crawler  
  103  9:26  Spore Crawler  
  103  9:27  Spine Crawler  
  103  9:29  Drone x3  
  103  9:30  Spine Crawler  
  101  9:31  Drone x2  
  101  9:32  Drone  
  101  9:33  Drone x3  
  101  9:35  Hydralisk x4  
  101  9:36  Hydralisk x3  
  121  9:40  Spine Crawler  
  121  9:41  Drone x4  
  121  9:42  Spine Crawler, Drone  
  121  9:43  Spine Crawler  
  121  9:44  Spine Crawler  
  122  9:49  Centrifical Hooks  
  123  9:52  Zergling x2  
  123  9:53  Zergling x6  
  126  10:04  Hydralisk  
  128  10:09  Muscular Augments, Overlord x2  
  128  10:10  Overlord x2  
  128  10:32  Hydralisk  
  128  10:33  Hydralisk x6  
  128  10:35  Hatchery  
  141  10:37  Baneling x3  
  141  10:38  Baneling x5  
  141  10:39  Baneling  
  141  10:40  Baneling  
  141  10:45  Zergling x2  
  141  10:46  Zergling x8  
  146  11:07  Hydralisk x3  
  152  11:12  Overlord x4  
  130  11:45  Zergling x2  
  130  11:46  Zergling x38  
  130  11:47  Zergling x2  
  143  11:56  Drone  
  143  11:57  Evolution Chamber, Drone  
  143  11:59  Evolution Chamber, Hive  
  143  12:00  Evolution Chamber, Drone  
  143  12:24  Drone  
  143  12:25  Drone x14  
  143  12:27  Hatchery  
  149  12:57  Corruptor x6  
  140  13:19  Mutalisk x2  
  136  13:20  Corruptor x2, Mutalisk x2  
  136  13:21  Corruptor  
  136  13:24  Greater Spire  
  136  13:26  Drone x7  
  136  13:27  Drone  
  158  13:32  Hatchery  
  157  13:52  Corruptor  
  157  13:53  Corruptor x2  
  163  14:00  Hydralisk x4  
  171  14:11  Overlord  
  171  14:12  Overlord  
  171  14:13  Overlord  
  171  14:26  Zerg Ground Armor Level 1, Zerg Missile Weapons Level 1, Zerg Melee Weapons Level 1  
  171  14:30  Adrenal Glands  
  171  14:31  Ultralisk Cavern, Drone  
  170  14:44  Brood Lord x6  
  167  14:53  Hydralisk  
  167  14:54  Hydralisk x4  
  167  14:56  Zergling x12  
  172  15:28  Mutalisk  
  172  15:29  Mutalisk x4  
  170  15:48  Mutalisk x3  
  174  16:05  Brood Lord x2  
  176  16:12  Mutalisk  
  178  16:26  Drone x3  
  178  16:27  Drone x17  
  178  16:32  Extractor  
  197  16:33  Extractor  
  196  16:49  Extractor  
  196  16:50  Hatchery  
  196  16:51  Extractor  
  193  16:58  Extractor  
  193  16:59  Hatchery  
  189  17:02  Extractor  
  174  17:23  Mutalisk  
  174  17:24  Mutalisk x8  
  170  17:49  Ultralisk  
  146  18:04  Mutalisk  
  148  18:13  Mutalisk x2  
  148  18:14  Mutalisk  
  148  18:55  Ultralisk x4  
  148  18:57  Zergling x2  
  148  18:58  Zergling x26  
  148  19:06  Spine Crawler  
  148  19:07  Spine Crawler x3  
  148  19:09  Spore Crawler  
  148  19:10  Spore Crawler x2, Drone x5  
  148  19:11  Spore Crawler, Drone  
  148  19:35  Mutalisk x5  
  148  19:46  Baneling x4  
  148  19:47  Baneling x5  
  148  19:49  Baneling x3  
  148  19:52  Baneling x3  
Show
View Real Time Build Order
Export as new Build Order

SMZ Terran 

Build Orders: Hellion Opening, Reaper Expand 

Get SALT Encoding   

  12  0:00  SCV  
  13  0:13  SCV  
  14  0:17  Supply Depot  
  14  0:25  SCV  
  15  0:28  Refinery  
  15  0:39  SCV  
  16  0:45  Barracks  
  16  0:51  SCV  
  17  1:03  SCV  
  18  1:15  SCV  
  19  1:32  Orbital Command, Reaper  
  20  1:45  Command Center  
  20  1:55  Factory  
  20  1:59  SCV  
  21  2:07  Barracks Reactor  
  21  2:10  Supply Depot  
  21  2:12  SCV  
  22  2:19  Refinery  
  22  2:24  SCV  
  23  2:36  SCV  
  24  2:44  Factory  
  24  2:48  SCV  
  25  2:53  Hellion x2  
  29  2:58  Orbital Command  
  29  3:01  SCV  
  29  3:02  Barracks Reactor  
  30  3:13  SCV  
  30  3:16  Hellion  
  30  3:18  Hellion  
  35  3:25  SCV  
  35  3:26  SCV  
  37  3:37  SCV  
  37  3:40  SCV  
  39  3:43  Supply Depot  
  39  3:48  Hellion x2  
  43  3:49  SCV  
  43  3:52  SCV  
  45  4:01  SCV  
  45  4:04  SCV, Cyclone  
  45  4:05  Supply Depot  
  45  4:07  Cyclone  
  52  4:10  Supply Depot  
  52  4:12  Armory  
  52  4:23  SCV x2  
  54  4:26  Cyclone  
  54  4:27  Supply Depot  
  54  4:29  Cyclone  
  60  4:35  SCV  
  61  4:47  SCV x2  
  63  4:52  Command Center  
  63  4:55  Refinery  
  63  4:57  Refinery, Supply Depot  
  63  4:59  SCV x2  
  65  5:00  Cyclone  
  68  5:07  Cyclone  
  68  5:08  Hellion  
  68  5:11  Hellion  
  68  5:13  SCV  
  68  5:14  SCV  
  77  5:25  SCV  
  77  5:26  SCV  
  79  5:37  SCV  
  79  5:38  SCV  
  79  5:40  Terran Vehicle Weapons Level 1  
  79  5:41  Armory  
  81  5:48  Engineering Bay  
  81  5:50  Supply Depot  
  81  5:51  Supply Depot  
  81  6:05  Orbital Command, Factory  
  81  6:07  Factory  
  81  6:09  Factory  
  81  6:16  Hellion x3  
  87  6:36  Missile Turret x2  
  87  6:38  Missile Turret  
  87  6:49  Factory Tech Lab  
  87  6:50  Factory Tech Lab  
  75  6:55  Missile Turret  
  75  6:57  Missile Turret  
  75  6:59  Missile Turret  
  67  7:05  Missile Turret  
  67  7:06  Factory Tech Lab  
  67  7:19  Missile Turret  
  67  7:22  Terran Vehicle And Ship Armor Level 1  
  58  7:24  Missile Turret, Thor x3  
  73  7:34  Missile Turret  
  67  7:53  Hellion x2  
  70  7:59  Supply Depot  
  67  8:06  Thor  
  62  8:24  Supply Depot  
  62  8:25  Supply Depot x2  
  62  8:33  SCV  
  62  8:34  SCV x2  
  58  8:45  SCV  
  58  8:48  SCV x2  
  61  8:49  Missile Turret  
  63  8:57  Supply Depot  
  63  8:58  SCV  
  62  9:03  Siege Tank  
  62  9:05  Siege Tank  
  62  9:09  SCV x2  
  70  9:13  Hellion  
  72  9:22  Siege Tank  
  72  9:23  Hellion x2  
  79  9:35  Terran Vehicle Weapons Level 2  
  79  9:36  Terran Vehicle And Ship Armor Level 2  
  79  9:50  Hellion x3, Siege Tank  
  88  9:56  SCV x2  
  88  9:57  SCV  
  91  10:01  Thor x2  
  91  10:02  Thor  
  91  10:08  SCV  
  91  10:13  SCV x2  
  91  10:14  Siege Tank x2  
  100  10:36  SCV x3, Siege Tank  
  100  10:37  Hellion x2  
  110  10:46  Siege Tank  
  110  10:48  SCV x2  
  115  10:56  Hellion  
  117  10:58  Infernal Pre-Igniter  
  117  11:01  Supply Depot  
  117  11:04  Orbital Command  
  117  11:05  Supply Depot  
  117  11:16  Refinery  
  117  11:19  Refinery  
  117  11:20  Smart Servos  
  117  11:23  Hellion x3  
  117  11:25  SCV x2  
  125  11:34  Supply Depot  
  125  11:37  SCV  
  118  11:46  SCV x2  
  119  11:49  SCV  
  120  11:55  Terran Vehicle Weapons Level 3  
  120  11:56  Terran Vehicle And Ship Armor Level 3  
  120  11:58  SCV x2  
  120  12:01  SCV  
  123  12:03  Sensor Tower  
  123  12:11  Supply Depot  
  123  12:13  SCV x3, Supply Depot  
  126  12:28  Siege Tank  
  126  12:29  Barracks, Siege Tank  
  132  12:33  Hellion x3  
  134  12:56  Hellion x2, Siege Tank  
  134  12:57  Hellion  
  142  12:59  SCV  
  142  13:00  SCV x2  
  142  13:01  Siege Tank  
  148  13:16  Hellion, Siege Tank  
  148  13:18  Hellion x2  
  143  13:24  Missile Turret  
  143  13:25  Missile Turret  
  143  13:26  SCV  
  143  13:27  SCV x2  
  146  13:28  Siege Tank  
  146  13:30  Supply Depot  
  146  13:33  Missile Turret  
  149  13:38  Command Center  
  149  13:51  SCV x2  
  149  13:52  SCV  
  152  13:56  Supply Depot  
  152  13:58  Supply Depot  
  152  14:01  Hellion, Siege Tank  
  157  14:17  SCV, Siege Tank  
  157  14:18  Hellion x2  
  157  14:20  SCV  
  157  14:23  Supply Depot  
  166  14:29  SCV  
  151  14:49  Starport  
  151  14:50  Starport  
  151  14:53  Starport  
  143  15:11  SCV x2, Orbital Command  
  119  15:49  Viking  
  104  16:06  Missile Turret  
  104  16:08  Missile Turret  
  104  16:12  Missile Turret  
  104  16:16  Viking x4  
  112  16:19  Viking  
  113  16:30  Factory Reactor  
  113  16:32  Factory Reactor  
  111  16:42  Siege Tank x2  
  111  16:43  Hellion  
  111  16:45  Viking  
  114  16:48  Viking x3  
  114  16:49  Viking  
  114  16:50  Orbital Command  
  108  17:04  Siege Tank  
  104  17:15  Hellion x2, Viking  
  100  17:18  Viking  
  100  17:19  Hellion x3  
  110  17:35  Hellion  
  110  17:36  Hellion  
  110  17:37  Hellion  
  100  17:42  Hellion  
  100  17:43  Hellion  
  92  17:46  Hellion  
  79  17:54  SCV x2  
  79  17:56  Hellion, Viking x3  
  79  17:57  Siege Tank  
  79  17:58  Siege Tank  
  72  18:06  SCV x2  
  74  18:18  SCV  
Tags
 
Add a new tag
Caveats
  • Supply blocks, unpowered buildings, or Contaminate may cause inaccurate times.
  • Supply counts are checked every 10 seconds.